AoeStats
← Dschinges Khan

Arabia

507101193Analyzed
1v1 RM · 16d ago on Sep 16, 2026· 40m 20s· 2 players
Game mode
Random Map
Map size
Tiny (2 player)
Population
200
Speed
Normal
Resources
Standard
Victory
Conquest
Starting age
Dark Age
Ending age
Imperial Age
RankedLock teamsTeams togetherTeam positionsShared explorationLock speedFull tech treeHidden civsTurbo modeCheats
Victory
Defeat
🇩🇪 Ethiopians · Germany
1335
+15
🇺🇸 Huns · United States
1306
-15
Dexter
0:28 Loom
9:30 Feudal Age
9:58 Double-Bit Axe
10:40 Horse Collar
12:47 Town Watch
15:40 Scale Barding Armor
22:31 Castle Age
21:05 Fletching
21:50 Padded Archer Armor
21:55 Gold Mining
22:52 Elite Skirmisher
25:22 Bloodlines
28:42 Wheelbarrow
28:58 Bow Saw
30:21 Ballistics
32:18 Heavy Plow
33:54 Husbandry
38:21 Imperial Age
36:35 Chain Barding Armor
36:10 Bodkin Arrow
36:27 Forging
36:34 Leather Archer Armor
39:10 Bracer
39:47 Iron Casting
38:49 Light Cavalry
39:24 Capped Ram
Dschinges Khan
6:52 Loom
9:18 Feudal Age
9:52 Double-Bit Axe
14:23 Fletching
21:03 Castle Age
20:17 Padded Archer Armor
20:53 Gold Mining
20:53 Horse Collar
21:09 Crossbowman
22:14 Bodkin Arrow
25:24 Bow Saw
25:24 Heavy Plow
25:38 Stone Mining
26:19 Leather Archer Armor
28:25 Wheelbarrow
27:35 Town Watch
33:49 Imperial Age
33:00 Thumb Ring
33:18 Ballistics
35:43 Chemistry
34:55 Bracer
35:35 Ring Archer Armor
38:49 Arbalester
Connection lost

Rejoining the realm…

Still unreachable

The connection could not be restored.

Session expired

The server has moved on; the page needs a fresh start.